AoeStats
← kamikaze21_

Pilgrims

509860455Analyzed
2v2 RM · 3d ago on Sep 28, 2026· 48m 5s· 4 players
Game mode
Random Map
Map size
Medium (4 player)
Population
200
Speed
Normal
Resources
Standard
Victory
Conquest
Starting age
Dark Age
Ending age
Imperial Age
RankedLock teamsTeams togetherTeam positionsShared explorationLock speedFull tech treeHidden civsTurbo modeCheats
Victory
Defeat
🇦🇷 Britons · Argentina
734
+15
🇦🇷 Persians · Argentina
632
+19
🇪🇸 Persians · Spain
815
-22
🇺🇸 Malay · United States
586
-12
67676767676767676767676767676767
2:32 Loom
kamikaze21_
4:47 Loom
9:47 Feudal Age
10:57 Wheelbarrow
10:08 Town Watch
16:27 Castle Age
19:36 Husbandry
22:29 Hand Cart
nachoandy10000
5:13 Loom
17:36 Feudal Age
20:51 Wheelbarrow
20:01 Town Watch
27:48 Horse Collar
30:51 Fletching
33:22 Castle Age
31:23 Double-Bit Axe
31:31 Gold Mining
33:04 Stone Mining
34:22 Heavy Plow
35:03 Bodkin Arrow
35:27 Hand Cart
36:23 Stone Shaft Mining
37:04 Town Patrol
37:05 Fishing Lines
39:48 Coinage
39:32 Forging
39:28 Scale Barding Armor
48:49 Imperial Age
48:53 Gold Shaft Mining
49:04 Iron Casting
48:30 Scale Mail Armor
48:50 Chain Barding Armor
48:31 Padded Archer Armor
48:34 Caravan
48:54 Bow Saw
alejandronicolass97
10:49 Feudal Age
12:50 Double-Bit Axe
20:51 Castle Age
20:44 Man-at-Arms
26:25 Light Cavalry
26:59 Horse Collar
27:15 Light Cavalry
28:12 Fortified Wall
31:52 Town Watch
37:36 Imperial Age
39:03 Town Patrol
39:45 Medium Warships
44:08 Spies/Treason
Connection lost

Rejoining the realm…

Still unreachable

The connection could not be restored.

Session expired

The server has moved on; the page needs a fresh start.